AoeStats
← EXILS_FERNANDO

Arena

510440678Analyzed
4v4 RM · 2d ago on Oct 1, 2026· 55m 13s· 8 players
Game mode
Random Map
Map size
Large (8 player)
Population
200
Speed
Normal
Resources
Standard
Victory
Conquest
Starting age
Dark Age
Ending age
Imperial Age
RankedLock teamsTeams togetherTeam positionsShared explorationLock speedFull tech treeHidden civsTurbo modeCheats
Victory
Defeat
🇺🇸 Romans · United States
1241
+11
🇨🇳 Khmer · China
1118
+16
🇹🇼 Cumans · Taiwan
1065
+18
🇨🇦 Persians · Canada
1012
+21
🇨🇴 Wei · Colombia
1128
-17
🇺🇸 Saxons · United States
1123
-17
🇺🇸 Poles · United States
1116
-16
🇧🇴 Khmer · Bolivia
1100
-16
mrbubbles019
5:16 Loom
10:08 Feudal Age
15:15 Castle Age
13:45 Double-Bit Axe
14:42 Horse Collar
22:09 Scale Mail Armor
22:29 Bow Saw
31:48 Wheelbarrow
44:18 Imperial Age
42:47 Hand Cart
42:45 Pikeman
44:49 Halberdier
45:54 Forging
46:17 Gambesons
46:33 Squires
47:12 Iron Casting
48:12 Chain Mail Armor
50:08 Heavy Plow
51:48 Shield Wall
53:11 Plate Mail Armor
54:38 Two-Man Saw
PuneMahaWarrior
10:21 Feudal Age
14:26 Castle Age
12:43 Double-Bit Axe
12:55 Horse Collar
15:32 Bow Saw
23:00 Loom
23:51 Wheelbarrow
23:21 Stone Mining
24:02 Gold Mining
25:29 Hand Cart
25:00 Town Watch
31:11 Imperial Age
28:55 Szlachta Privileges
29:16 Scale Barding Armor
29:59 Forging
30:23 Chain Barding Armor
30:42 Forging
30:33 Husbandry
30:44 Bloodlines
32:15 Conscription
32:40 Iron Casting
31:34 Cavalier
34:31 Blast Furnace
39:28 Capped Ram
40:40 Lechitic Legacy
39:47 Light Cavalry
40:49 Siege Ram
41:25 Winged Hussar
46:22 Onager
FormulaHawk8575
10:51 Feudal Age
11:30 Double-Bit Axe
12:03 Gold Mining
13:57 Horse Collar
16:34 Castle Age
16:04 Stone Mining
17:31 Fletching
18:28 Bow Saw
21:28 Bodkin Arrow
22:04 Ballistics
22:08 Husbandry
23:04 Padded Archer Armor
23:55 Town Watch
25:01 Thumb Ring
25:00 Loom
33:39 Wheelbarrow
34:02 Gold Shaft Mining
34:35 Wheelbarrow
36:53 Bloodlines
39:47 Heavy Plow
40:10 Hand Cart
44:08 Imperial Age
44:16 Imperial Age
42:01 Scale Barding Armor
42:35 Forging
43:38 Chain Barding Armor
43:46 Tuntian
44:44 Iron Casting
44:21 Heavy Hei Guang Cavalry
45:04 Bracer
46:21 Chemistry
45:39 Leather Archer Armor
46:22 Parthian Tactics
46:24 Conscription
46:33 Ming Guang Armor
47:53 Blast Furnace
48:15 Conscription
49:15 Light Cavalry
52:00 Crop Rotation
EXILS_FERNANDO
7:33 Loom
13:08 Feudal Age
15:56 Castle Age
14:23 Horse Collar
14:35 Gold Mining
18:19 Gold Shaft Mining
20:41 Imperial Age
18:09 Double-Bit Axe
18:49 Stone Mining
21:00 Stone Shaft Mining
26:45 Conscription
27:25 Scale Barding Armor
27:43 Forging
28:08 Husbandry
28:28 Bloodlines
30:38 Chain Barding Armor
33:18 Bow Saw
34:38 Heavy Plow
37:10 Iron Casting
39:12 Crop Rotation
42:44 Fletching
44:28 Bodkin Arrow
44:33 Padded Archer Armor
46:03 Wheelbarrow
45:15 Town Watch
45:36 Double Crossbow
46:04 Bracer
46:34 Elite Ballista Elephant
48:30 Leather Archer Armor
50:25 Chemistry
50:34 Ring Archer Armor
51:05 Blast Furnace
50:16 Tusk Swords
52:04 Fortified Wall
51:50 Murder Holes
53:29 Plate Barding Armor
trashypanda
6:43 Loom
9:29 Feudal Age
14:04 Castle Age
12:12 Double-Bit Axe
13:06 Horse Collar
14:46 Bow Saw
20:14 Scale Barding Armor
21:08 Heavy Plow
23:43 Bloodlines
24:53 Chain Barding Armor
24:37 Husbandry
24:51 Forging
28:11 Wheelbarrow
31:52 Iron Casting
32:27 Husbandry
37:23 Imperial Age
35:30 Wheelbarrow
37:07 Hand Cart
39:31 Plate Barding Armor
39:56 Blast Furnace
38:17 Cavalier
41:00 Two-Man Saw
40:19 Savar
46:19 Citadels
46:00 Fletching
46:56 Ballistics
47:37 Chemistry
46:49 Masonry
46:34 Murder Holes
48:01 Conscription
47:43 Kamandaran
Trailmaker
11:04 Feudal Age
12:20 Double-Bit Axe
15:06 Castle Age
13:02 Horse Collar
16:09 Bow Saw
15:53 Loom
15:55 Town Watch
23:36 Ballistics
26:31 Gold Mining
26:31 Stone Mining
27:35 Wheelbarrow
33:17 Imperial Age
32:21 Heavy Plow
33:08 Gold Shaft Mining
33:49 Capped Ram
35:39 Chemistry
37:13 Scale Mail Armor
37:24 Forging
37:29 Heavy Scorpion
38:57 Squires
38:18 Pikeman
39:26 Conscription
40:28 Hand Cart
39:47 Halberdier
40:51 Chain Mail Armor
41:12 Iron Casting
44:13 Blast Furnace
43:04 Fletching
44:04 Siege Engineers
44:10 Masonry
45:28 Elite Centurion
45:35 Man-at-Arms
46:47 Siege Ram
47:17 Long Swordsman
48:17 Legionary
garyoling
1:19 Loom
9:23 Feudal Age
10:42 Wheelbarrow
11:09 Double-Bit Axe
14:34 Horse Collar
21:37 Castle Age
19:48 Town Watch
20:43 Scale Barding Armor
20:51 Forging
22:08 Gold Mining
22:09 Stone Mining
22:55 Hand Cart
23:15 Bow Saw
23:39 Chain Barding Armor
24:23 Bloodlines
26:34 Iron Casting
35:05 Gold Shaft Mining
37:54 Imperial Age
35:10 Pikeman
35:51 Squires
36:13 Scale Mail Armor
38:26 Halberdier
42:33 Chain Mail Armor
43:03 Heavy Plow
44:17 Plate Mail Armor
46:05 Conscription
46:22 Hoardings
46:57 Chemistry
49:33 Blast Furnace
49:24 Elite Steppe Lancer
king vitt
0:28 Loom
15:23 Feudal Age
16:59 Wheelbarrow
16:18 Double-Bit Axe
17:05 Horse Collar
20:03 Castle Age
21:11 Hand Cart
21:33 Heavy Plow
21:47 Bow Saw
21:36 Gold Mining
21:40 Stone Mining
25:52 Gold Shaft Mining
31:26 Imperial Age
29:43 Fortified Wall
29:54 Ballistics
30:20 Stone Shaft Mining
31:29 Masonry
31:38 Heavy Scorpion
31:41 Elite Ballista Elephant
32:23 Double Crossbow
32:45 Conscription
32:47 Town Watch
33:17 Scale Barding Armor
33:17 Husbandry
33:27 Bloodlines
35:02 Chemistry
34:26 Chain Barding Armor
34:59 Crop Rotation
34:47 Siege Engineers
35:15 Architecture
36:27 Murder Holes
42:43 Hoardings
43:51 Plate Barding Armor
43:28 Forging
43:34 Light Cavalry
46:54 Iron Casting
45:44 Hussar
50:49 Caravan
55:09 Blast Furnace
Connection lost

Rejoining the realm…

Still unreachable

The connection could not be restored.

Session expired

The server has moved on; the page needs a fresh start.